 Dungeon Sprint DCSS version 0.29-a0-284-gf9362112df (webtiles) character file.

Game seed: 13895738015753300449

0 horus123 the Ogre Mage (level 2, -1/24 HPs)
             Began as an Ogre Ice Elementalist on Mar 17, 2022.
             Splashed by a jelly's acid (7 damage)
             ... in the Dungeon (Sprint VI: "Thunderdome").
             The game lasted 00:01:26 (102 turns).

horus123 the Ogre Mage (Ogre Ice Elementalist)       Turns: 102, Time: 00:01:27

Health: -1/24      AC:  3    Str: 11    XL:     2   Next: 70%
Magic:  0/9        EV:  9    Int: 16    God:
Gold:   200        SH:  0    Dex:  9    Spells: 12/13 levels left

rFire   . . .      SeeInvis .   (no weapon)
rCold   . . .      Faith    .   (no shield)
rNeg    . . .      Spirit   .   a - +0 robe
rPois   .          Reflect  .   (helmet restricted)
rElec   .          Harm     .   (no cloak)
rCorr   .          Rampage  .   (gloves unavailable)
Will    .....      NoTele   +   (boots unavailable)
Stlth   +.........              (no amulet)
HPRegen 0.08/turn               (no ring)
MPRegen 0.11/turn               (no ring)

@: no status effects
A: large, unfitting armour, tough skin 1
a: no special abilities


You were in the Dungeon.
You visited 1 branch You collected 200 gold pieces.

Inventory:

Armour
 a - a +0 robe (worn)
Wands
 h - a wand of acid (5)
 i - a wand of iceblast (5)
Scrolls
 g - 4 scrolls of blinking
 j - 3 scrolls of fog
Potions
 b - 3 potions of magic
 c - a potion of curing
 d - 4 potions of heal wounds
 e - 4 potions of haste
 f - a potion of berserk rage
 k - a potion of resistance


   Skills:
 - Level 1.7 Dodging
 - Level 1.4 Stealth
 + Level 6.2 Spellcasting
 - Level 3.6 Ice Magic


You had 12 spell levels left.
You knew the following spells:

 Your Spells              Type           Power      Damage    Failure   Level
a - Freeze                Ice            64%        1d8       3%          1

Your spell library contained the following spells:

 Spells                   Type           Power      Damage    Failure   Level
 Frozen Ramparts          Ice            32%        1d5       10%         3
 Ozocubu's Armour         Ice            16%        N/A       10%         3
 Hailstorm                Conj/Ice       10%        3d5       54%         4


Dungeon Overview and Level Annotations

Branches:
Dungeon (1/1)

Altars:
Cheibriados
Dithmenos
Fedhas
Gozag
Kikubaaqudgha
Makhleb
Okawaru
Qazlal
Ru
Sif Muna
Trog
Uskayaw
Vehumet
Wu Jian
Xom
Yredelemnul
Zin
The Shining One
Beogh
Lugonu

Shops:
D *[??*?*:[((!!!!

Annotations:
D Jessica


Innate Abilities, Weirdness & Mutations

You are too large for most types of armour.
You have tough skin. (AC +1)


Message History

Jessica blinks!
The jelly quivers.
Jessica mumbles some strange words.
Jessica blinks!
Unknown command.
Jessica casts a spell at you.
You barely resist.
Jessica gestures wildly.
Jessica hits you with a +0 dagger.
Aiming: Freeze (safe; 3% risk of failure)
Press: ? - help, Q - select action, (/) - cycle Shift-Dir - straight line, f/p - Jessica
Aim: Jessica, wielding a +0 dagger and wearing a +0 robe (lightly wounded)
You freeze Jessica.
Jessica is moderately wounded.
Jessica hits you with a +0 dagger.
Unknown command.
Aiming: Freeze (safe; 3% risk of failure)
Press: ? - help, Q - select action, (/) - cycle Shift-Dir - straight line, f/p - Jessica
Aim: Jessica, wielding a +0 dagger and wearing a +0 robe (moderately wounded)
You freeze Jessica.
Jessica is heavily wounded.
Jessica hits you with a +0 dagger.
* * * LOW HITPOINT WARNING * * *
Unknown command.
Aiming: Freeze (safe; 3% risk of failure)
Press: ? - help, Q - select action, (/) - cycle Shift-Dir - straight line, f/p - Jessica
Aim: Jessica, wielding a +0 dagger and wearing a +0 robe (heavily wounded)
You freeze Jessica.
Jessica is heavily wounded.
Jessica barely misses you.
Unknown command.
Aiming: Freeze (safe; 3% risk of failure)
Press: ? - help, Q - select action, (/) - cycle Shift-Dir - straight line, f/p - Jessica
Aim: Jessica, wielding a +0 dagger and wearing a +0 robe (heavily wounded)
You freeze Jessica.
Jessica is severely wounded.
The jelly hits you.
* * * LOW HITPOINT WARNING * * *
You are splashed with acid!
You die...

##..__......###......___∩
##∩........8.# #.8........
.............###..........
..........###...###.......
..........# #.<.# #.......
..........###...###.......
.............###..........
##∩.....@..8.# #.8........
##∩___..@J..###......___∩
######.8.........8.#####
#⌠...........⌠#
###.........###
#_........# #_......._#
#........_# #∩.......∩#
##∩.....∩##


You could see a jelly and Jessica.

Vanquished Creatures
  2 adders (D)
  A ball python (D)
3 creatures vanquished.

Notes
Turn   | Place    | Note
-------+----------+-------------------------------------------
     0 | D        | horus123 the Ogre Ice Elementalist began the quest for the
                  | Orb.
     0 | D        | Reached XP level 1. HP: 16/16 MP: 3/3
     1 | D        | Found an ornate altar of the Wu Jian Council.
     1 | D        | Found a glowing golden altar of the Shining One.
     2 | D        | Found a radiant altar of Vehumet.
     2 | D        | Found a shadowy altar of Dithmenos.
     3 | D        | Found a shimmering altar of Xom.
     4 | D        | Found Kacus's Identification Station.
     4 | D        | Found a sacrificial altar of Ru.
     4 | D        | Found a bloodstained altar of Trog.
     5 | D        | Found Teuplu Guagi's Advanced Armour.
     5 | D        | Found Culeirix's Jewellery.
     5 | D        | Round 1.
    10 | D        | Found an iron altar of Okawaru.
    12 | D        | Found a burning altar of Makhleb.
    13 | D        | Found Mevveb's Magic Scroll Shop.
    14 | D        | Found Ocubiar's Magic Scroll Shop.
    14 | D        | Found Zeitz's Must-Have Magic.
    16 | D        | Reached skill level 3 in Spellcasting
    16 | D        | Found a glowing silver altar of Zin.
    16 | D        | Found a basalt altar of Yredelemnul.
    16 | D        | Found an ancient bone altar of Kikubaaqudgha.
    16 | D        | Found Ywnosaot's Staff Store.
    26 | D        | Found a corrupted altar of Lugonu.
    28 | D        | Found a shimmering blue altar of Sif Muna.
    30 | D        | Found a snail-covered altar of Cheibriados.
    31 | D        | Found Coapnycka's Distillery.
    31 | D        | Found a stormy altar of Qazlal.
    31 | D        | Found a hide-covered altar of Uskayaw.
    31 | D        | Found Qatuehun's Do-It-Yourself Clinic.
    32 | D        | Found Xog Pueg's Distillery.
    32 | D        | Found Ceexial's Bottled Wisdom.
    35 | D        | Found an opulent altar of Gozag.
    36 | D        | Found a blossoming altar of Fedhas.
    37 | D        | Found Lutudim's Weapon Rack.
    39 | D        | Reached skill level 5 in Spellcasting
    39 | D        | Reached XP level 2. HP: 24/24 MP: 0/8
    39 | D        | Found Gikureto's Premium Goods.
    39 | D        | Found Naedius's Basic Armour.
    39 | D        | Found Cuenemuc's Miscellaneous Merchandise.
    59 | D        | Reached skill level 6 in Spellcasting
    77 | D        | Noticed Jessica
   102 | D        | Splashed by a jelly's acid

Illustrated notes

Levels and vault maps discovered:
D:        arena_sprint

Skill      XL: |  1  2 |
---------------+-------+-----
Spellcasting   | 5 6 |  6.2
Dodging        | |  1.7
Stealth        | |  1.4
Ice Magic      | |  3.6

Action                   || total
-------------------------++-------
 Cast: Freeze            ||    12
Armor: Robe              ||     5
Dodge: Dodged            ||     8

Table legend: (Time is in decaauts)
 A = Elapsed time spent in this place.
 B = Non-inter-level travel time spent in this place.
 C = Inter-level travel time spent in this place.
 D = Time resting spent in this place.
 E = Time spent auto-exploring this place.
 F = Levels seen in this place.
 G = Mean time per level.
                   A        B        C        D        E       F      G
               +--------+--------+--------+--------+--------+-----+--------+
         Total |    102 |    102 |      0 |     12 |      0 |   1 |  102.0 |
       Dungeon |    102 |    102 |      0 |     12 |      0 |   1 |  102.0 |
               +--------+--------+--------+--------+--------+-----+--------+

Top non-repeatable levels by time:
       D: 102 daAuts
